 Dungeon Crawl Stone Soup version 0.26.1 (webtiles) character file.

Game seed: 12512902994631316404

8075 Araneus the Martial Artist (level 11, -10/78 HPs)
             Began as a Demonspawn Monk on Feb 5, 2021.
             Was a Believer of Qazlal.
             Mangled by a two-headed ogre
             ... wielding a +0 giant spiked club
              (16 damage)
             ... on level 10 of the Dungeon.
             The game lasted 00:38:03 (12092 turns).

Araneus the Martial Artist (Demonspawn Monk)       Turns: 12092, Time: 00:38:03

Health: -10/78     AC:  8    Str: 14    XL:     11   Next: 5%
Magic:  14/14      EV: 12    Int: 12    God:    Qazlal [**....]
Gold:   764        SH: 11    Dex: 16    Spells: 4/10 levels left

rFire    . . .     SeeInvis .     - Unarmed
rCold    + . .     Faith    .   B - +0 buckler
rNeg     . . .     Spirit   .   q - +0 leather armour
rPois    .         Reflect  +   (no helmet)
rElec    .         Harm     .   (no cloak)
rCorr    .         Rampage  .   A - +1 pair of gloves
Will     .....                  (no boots)
Stlth    +.........             u - amulet of reflection
HPRegen  0.23/turn              k - ring of protection from cold
MPRegen  0.14/turn              (no ring)

@: no status effects
A: hooves 2, yellow scales 2, demonic guardian 1, foul stench 1, miasma immunity
a: Renounce Religion, Upheaval


You were on level 10 of the Dungeon.
You worshipped Qazlal.
Qazlal was pleased with you.
You visited 2 branches of the dungeon, and saw 12 of its levels.
You also visited: Ossuary.

You collected 764 gold pieces.

Inventory:

Missiles
 p - 62 poisoned darts (quivered)
Armour
 q - a +0 leather armour (worn)
 s - a +0 tower shield
 A - a +1 pair of gloves (worn)
 B - a +0 buckler (worn)
Jewellery
 k - a ring of protection from cold (left hand)
 m - an uncursed amulet of guardian spirit
 u - an amulet of reflection (around neck)
 w - the ring "Eduitomi" {MP+9 Dex+5}
   (You took it off an orc warrior on level 9 of the Dungeon)

   [ring of magical power]

   It affects your dexterity (+5).
   It affects your magic capacity (+9).
 J - an uncursed amulet of the acrobat
Wands
 c - a wand of digging (7)
 y - a wand of disintegration (7)
 z - a wand of polymorph (24)
 H - a wand of enslavement (7)
 I - a wand of paralysis (14)
Scrolls
 e - 3 scrolls of fear
 f - 13 scrolls of remove curse
 g - 10 scrolls of identify
 h - 4 scrolls of teleportation
 i - 4 scrolls of magic mapping
 r - a scroll of enchant armour
 t - 3 scrolls of amnesia
 C - a scroll of blinking
Potions
 a - a potion of berserk rage
 b - 2 potions of attraction
 d - 8 potions of curing
 j - 3 potions of mutation
 l - 2 potions of might
 n - 3 potions of lignification
 v - 4 potions of flight
 x - 3 potions of magic
 G - a potion of haste


   Skills:
 + Level 4.3 Fighting
 - Level 8.0 Throwing
 + Level 4.0 Armour
 - Level 2.6 Dodging
 - Level 1.7 Stealth
 + Level 12.1 Unarmed Combat
 * Level 4.2 Invocations


You had 4 spell levels left.
You knew the following spells:

 Your Spells              Type           Power        Failure   Level
a - Statue Form           Tmut/Erth      0%           100%        6

Your spell library contained the following spells:

 Spells                   Type           Power        Failure   Level
 Sandblast                Erth           0%           56%         1
 Shock                    Conj/Air       0%           56%         1
 Sting                    Tmut/Pois      0%           56%         1
 Ensorcelled Hibernation  Hex/Ice        0%           71%         2
 Passwall                 Tmut/Erth      0%           71%         2
 Ignite Poison            Fire/Tmut/Pois 0%           90%         3
 Mephitic Cloud           Conj/Pois/Air  0%           90%         3
 Fireball                 Conj/Fire      0%           100%        5
 Starburst                Conj/Fire      0%           100%        6
 Ignition                 Fire           0%           100%        8
 Shatter                  Erth           0%           100%        9


Dungeon Overview and Level Annotations

Branches:
Dungeon (11/15)            Temple (1/1) D:7         Ossuary (visited)
   Lair: D:8-11         Orc: D:9-12

Altars:
Ashenzari
Cheibriados
Dithmenos
Elyvilon
Fedhas
Gozag
Hepliaklqana
Kikubaaqudgha
Makhleb
Nemelex Xobeh
Okawaru
Qazlal
Ru
Sif Muna
Trog
Uskayaw
Vehumet
Wu Jian
Xom
Yredelemnul
Zin
The Shining One


Innate Abilities, Weirdness & Mutations

You have hoof-like feet.
You are mostly covered in yellow scales. (AC +3)
A weak demonic guardian rushes to your aid.
You may emit foul miasma when damaged in melee.
You are immune to miasma.


Message History

The two-headed ogre is heavily wounded.
You block the two-headed ogre's attack.
The two-headed ogre hits you with a +0 giant club.
You completely miss the two-headed ogre.
You kick the two-headed ogre, but do no damage.
The two-headed ogre is heavily wounded.
The two-headed ogre hits you with a +0 giant spiked club!
The two-headed ogre misses you.
You hit the two-headed ogre. You kick the two-headed ogre.
The two-headed ogre is severely wounded.
You barely miss the two-headed ogre. Your kick misses the two-headed ogre.
The two-headed ogre is severely wounded.
The two-headed ogre hits you with a +0 giant spiked club!!
The two-headed ogre looks sick.
The two-headed ogre closely misses you.
You punch the two-headed ogre! You kick the two-headed ogre.
The two-headed ogre is almost dead.
The two-headed ogre hits you with a +0 giant spiked club!!
* * * LOW HITPOINT WARNING * * *
The two-headed ogre hits you with a +0 giant club!
You die...

..................#.#.##......)..
.....................##..........
.................................
.............................#...
.......................#........#
................#..#............#
....................#..........##
#..................##.........#..
................@................
...............§O#.##....#.......
.................#......##.#.....
.................................
.....................##.##.##....
#.#.................######.#.....
..................### #.......#
................#.### ##.......
....................## ##..##.#


You could see a two-headed ogre (sick).

Vanquished Creatures
  Harold (D:10)
  A two-headed ogre (D:11)
  Joseph (D:7)
  2 trolls
  A hornet (D:9)
  Prince Ribbit (D:9)
  3 wraiths
  3 yaks
  A vampire mosquito (D:9)
  Edmund (D:4)
  An acid dragon (D:9)
  A sky beast (D:8)
  2 phantoms
  2 ice beasts (D:10)
  4 orc warriors (D:9)
  A black bear (D:7)
  2 centaurs
  2 ogres
  A big kobold (D:9)
  The ghost of mojasp the Sneak, an amateur KoEn (D:3)
  5 bullfrogs
  A gnoll sergeant (D:10)
  3 scorpions
  A water moccasin skeleton (D:4)
  3 wights (Ossuary)
  2 howler monkeys
  A quasit (D:7)
  A centaur zombie (D:9)
  2 hounds
  2 bullfrog skeletons
  A jelly (D:10)
  Jessica (D:2)
  3 centaur skeletons
  6 worker ants
  An iguana (D:7)
  Natasha (thrice) (D:2)
  An orc wizard (D:6)
  A hound zombie (D:5)
  Robin (D:4)
  5 gnolls
  14 adders
  A shadow imp (D:7)
  4 white imps
  An ufetubus (D:5)
  An adder skeleton (D:8)
  2 worms
  2 dart slugs
  6 leopard geckos
  13 orcs
  A ball python (D:4)
  7 giant cockroaches
  13 goblins
  7 hobgoblins
  2 jackals (D:5)
  3 quokkas
  13 bats
  4 frilled lizards
  A hobgoblin skeleton (Ossuary)
  2 hobgoblin zombies (Ossuary)
  A jackal skeleton (D:6)
  11 kobolds
  5 kobold zombies (Ossuary)
  An orc zombie (Ossuary)
  A quokka skeleton (D:7)
  7 rats
199 creatures vanquished.

Vanquished Creatures (collateral kills)
  An ugly thing (D:11)
  A cyclops (D:9)
  A slime creature (D:9)
  A wraith (D:10)
  2 yaks
  A phantom (D:9)
  A sky beast (D:5)
  A centaur (D:6)
  A big kobold (D:9)
  A bullfrog (D:8)
  A howler monkey (D:7)
  A jelly (D:9)
  A hound (D:8)
  A worker ant (D:9)
  An adder zombie (D:8)
  A kobold (D:9)
  A bat (D:2)
18 creatures vanquished.

Vanquished Creatures (others)
  A kobold (D:9)
  2 plants (D:2)
3 creatures vanquished.

Grand Total: 220 creatures vanquished

Notes
Turn   | Place    | Note
-------+----------+-------------------------------------------
     0 | D:1      | Araneus the Demonspawn Monk began the quest for the Orb.
     0 | D:1      | Reached XP level 1. HP: 18/18 MP: 1/1
   229 | D:1      | Reached skill level 3 in Unarmed Combat
   282 | D:1      | Gained mutation: You have large cloven feet. [demonic
                  | ancestry]
   282 | D:1      | Reached XP level 2. HP: 14/24 MP: 2/2
  1164 | D:2      | Reached XP level 3. HP: 29/29 MP: 3/3
  1176 | D:2      | Reached skill level 4 in Unarmed Combat
  1412 | D:2      | Noticed Natasha
  1425 | D:2      | Killed Natasha
  1426 | D:2      | Reached XP level 4. HP: 28/35 MP: 4/4
  1710 | D:2      | Noticed Natasha
  1722 | D:2      | Killed Natasha
  1723 | D:2      | Reached skill level 5 in Unarmed Combat
  1836 | D:2      | Noticed Jessica
  1845 | D:2      | Killed Jessica
  1846 | D:2      | Gained mutation: A weak demonic guardian rushes to your
                  | aid. [demonic ancestry]
  1846 | D:2      | Reached XP level 5. HP: 29/41 MP: 5/5
  1851 | D:2      | Noticed Natasha
  1862 | D:2      | Killed Natasha
  2062 | D:2      | Found a faded altar of an unknown god.
  2169 | D:2      | Found a shimmering blue altar of Sif Muna.
  3003 | D:3      | Found a large runed translucent door.
  3004 | D:3      | Found a large runed translucent door.
  3006 | D:3      | Noticed mojasp's ghost (amateur KoEn)
  3025 | D:3      | Killed mojasp's ghost
  3026 | D:3      | Reached skill level 1 in Throwing
  3026 | D:3      | Reached skill level 6 in Unarmed Combat
  3026 | D:3      | Gained mutation: You are immune to miasma. [demonic
                  | ancestry]
  3026 | D:3      | Reached XP level 6. HP: 47/47 MP: 6/6
  3063 | D:3      | Found a hide-covered altar of Uskayaw.
  3150 | D:3      | Found an opulent altar of Gozag.
  3320 | D:3      | Found a sparkling altar of Nemelex Xobeh.
  3541 | D:3      | Found a blossoming altar of Fedhas.
  3931 | D:4      | Noticed Edmund
  3946 | D:4      | Killed Edmund
  4158 | D:4      | Noticed Robin
  4180 | D:4      | Killed Robin
  4381 | D:4      | Found a sacrificial altar of Ru.
  4481 | D:4      | Gained mutation: You are partially covered in yellow
                  | scales. (AC +2) [demonic ancestry]
  4481 | D:4      | Reached XP level 7. HP: 52/52 MP: 7/7
  4689 | D:5      | Entered Level 5 of the Dungeon
  5026 | D:5      | Reached skill level 7 in Unarmed Combat
  5936 | D:6      | Found a broken altar of Ashenzari.
  5999 | D:6      | Found a hazy altar of Hepliaklqana.
  6127 | D:6      | Reached skill level 8 in Unarmed Combat
  6127 | D:6      | Reached XP level 8. HP: 58/58 MP: 8/8
  6274 | D:6      | Found a blossoming altar of Fedhas.
  6354 | D:6      | Found a glowing golden altar of the Shining One.
  6393 | D:7      | Noticed Joseph
  6410 | D:7      | Killed Joseph
  6687 | D:7      | Reached skill level 5 in Throwing
  6785 | D:7      | Found a staircase to the Ecumenical Temple.
  6794 | D:7      | Reached skill level 9 in Unarmed Combat
  6802 | Temple   | Entered the Ecumenical Temple
  7517 | D:8      | Gained mutation: You may emit foul miasma when damaged in
                  | melee. [demonic ancestry]
  7517 | D:8      | Reached XP level 9. HP: 62/63 MP: 9/9
  7520 | D:8      | Reached skill level 1 in Armour
  7557 | D:8      | Found a sand-covered staircase.
  7562 | Ossuary  | Entered an ossuary
  8340 | D:8      | Found an iron altar of Okawaru.
  8850 | D:8      | You fall into a shaft and drop 2 floors!
  8850 | D:10     | Entered Level 10 of the Dungeon
  8853 | D:9      | Noticed Prince Ribbit
  8868 | D:9      | Killed Prince Ribbit
  8869 | D:9      | Reached skill level 10 in Unarmed Combat
  9801 | D:9      | Noticed a troll
  9811 | D:9      | Killed a troll
  9812 | D:9      | Gained mutation: You are mostly covered in yellow scales.
                  | (AC +3) [demonic ancestry]
  9812 | D:9      | Reached XP level 10. HP: 42/71 MP: 10/10
 10026 | D:9      | Identified the ring "Eduitomi" {MP+9 Dex+5}
 10060 | D:9      | Noticed a cyclops
 10071 | D:9      | Killed a cyclops
 10072 | D:9      | Reached skill level 11 in Unarmed Combat
 10213 | D:9      | Identified the Catalogue of Earthen Ice
 10222 | D:9      | Learned a level 6 spell: Statue Form
 10339 | D:9      | Found a stormy altar of Qazlal.
 10360 | D:9      | Became a worshipper of Qazlal Stormbringer
 10360 | D:9      | Reached * piety under Qazlal
 10360 | D:9      | Reached ** piety under Qazlal
 10986 | D:10     | Noticed Harold
 11000 | D:10     | Killed Harold
 11001 | D:10     | Reached skill level 1 in Invocations
 11496 | D:10     | Identified Cuhur's Incunabulum of Virous Air
 11763 | D:11     | Noticed a purple ugly thing
 11774 | D:11     | Killed a purple ugly thing
 11824 | D:10     | Reached skill level 12 in Unarmed Combat
 12062 | D:11     | Noticed a two-headed ogre
 12067 | D:11     | Noticed a two-headed ogre
 12068 | D:11     | Noticed a two-headed ogre
 12070 | D:11     | Killed a two-headed ogre
 12071 | D:11     | Gained mutation: You have hoof-like feet. [demonic
                  | ancestry]
 12071 | D:11     | Reached XP level 11. HP: 78/78 MP: 12/14
 12072 | D:11     | Noticed a two-headed ogre
 12076 | D:11     | Noticed a two-headed ogre
 12077 | D:11     | Noticed a two-headed ogre
 12078 | D:11     | Noticed an ogre mage
 12092 | D:10     | Mangled by a two-headed ogre

Illustrated notes

Levels and vault maps discovered:
D:1:      mainiacjoe_arrival_reflecting_pool, layout_loops_ring
D:2:      layout_rooms, lemuel_blue_sif_altar, chequers_ecumenical_altar_lobes,
          minmay_strange_pillars, chequers_mini_garden, uniq_natasha,
          uniq_jessica
D:3:      layout_loops_ring, nicolae_overflow_hidden_temple,
          general_overflow_altar, lemuel_coloured_pillars_altar,
          grunt_gozag_breadcrumbs, ebering_ghost_disaster_area
D:4:      layout_basic, lemuel_crystal_altar, uniq_robin, uniq_edmund
D:5:      layout_loops_ring
D:6:      layout_cave_pools, kennysheep_little_box, tso_altar,
          nzn_hepliaklqana_mist_gate, fedhas_altar_4
D:7:      layout_cave_pools, minmay_temple_entry_mist, patterned_corridor,
          uniq_joseph
D:8:      layout_gridville, nicolae_overflow_crystal_walls, enter_ossuary_2
D:9:      minmay_the_grid_triangle_9x9_recursive_2
          [minmay_the_grid_triangle_9x9_prize_schism,
          minmay_the_grid_triangle_9x9_semitri,
          minmay_the_grid_triangle_9x9_sparse_checkered,
          minmay_the_grid_triangle_9x9_from_above], layout_irregular_city,
          nicolae_qazlal_eye_of_the_storm, uniq_prince_ribbit1
D:10:     layout_cross, uniq_harold
D:11:     layout_gridville, dpeg_lair_monsters, erik_orc_4
Temple:   minmay_temple_curvy_loop

Skill      XL: |  1  2  3  4  5  6  7  8  9 10 |
---------------+-------------------------------+-----
Unarmed Combat | 3 4 5 6 8 9 10 12 | 12.1
Throwing       | 1 2 3 6 7 8 |  8.0
Armour         | 3 4 |  4.0
Fighting       | 4 |  4.3
Invocations    | 4 |  4.2
Dodging        | |  2.6
Stealth        | |  1.7

Action                   |  1- 3 |  4- 6 |  7- 9 | 10-12 || total
-------------------------+-------+-------+-------+-------++-------
Melee: Unarmed           |   110 |   163 |   374 |   150 ||   797
       Kick              |    22 |    41 |   107 |    60 ||   230
       Punch             |     2 |     1 |    10 |       ||    13
Throw: Dart              |     1 |    38 |    45 |    72 ||   156
  Use: Potion            |     1 |     3 |     7 |     2 ||    13
       Scroll            |       |     5 |    15 |     1 ||    21
 Stab: Sleeping          |     2 |     3 |     7 |       ||    12
       Invisible         |       |       |     7 |       ||     7
       Distracted        |       |       |     1 |     5 ||     6
Armor: Robe              |    18 |    19 |       |       ||    37
       Leather armour    |       |     3 |    76 |    22 ||   101
Dodge: Dodged            |    78 |   126 |   160 |    43 ||   407
Block: Other             |       |       |    32 |       ||    32
       Reflection        |       |       |     6 |     1 ||     7
       Buckler           |       |       |    38 |    64 ||   102
